Cogmind - Beta 13 X1 @@@ ROGUE MODE // 2023.08.20 @ 23:03:07 Player: VR-DUX Result: Destroyed by G-34 Mercenary with Small Laser Performance ------------- Evolutions (0) 0 Regions Visited (1) 200 Robots Destroyed (15) 75 Value Destroyed (279) 279 Prototype IDs (0) 0 Alien Tech Used (0) 0 Bonus (0) 0 TOTAL SCORE: 554 Bonus ------- None Cogmind --------- Core Integrity 0/250 Matter 290/300 Energy 238/250 System Corruption 0% Temperature Cool (84) Movement Treading (160) Location -10/Materials Parts ------- > --- POWER (1) -------- Ion Engine > --- PROPULSION (2) --- Light Treads Light Treads > --- UTILITY (2) ------ Large Storage Unit Structural Scanner > --- WEAPON (2) ------- Beam Cannon Light Assault Rifle > --- INVENTORY (15) --- Light Ion Engine Light Treads Light Treads Light Treads Medium Storage Unit Large Storage Unit Large Matter Pod (150) Structural Scanner Sensor Array Signal Interpreter Weapon Shielding EM Pulse Gun EM Pulse Gun Medium Laser Particle Gun Peak State ------------ > --- POWER ------------ Ion Engine > --- PROPULSION ------- Light Treads Light Treads > --- UTILITY ---------- Large Storage Unit Structural Scanner > --- WEAPON ----------- Particle Gun Light Assault Rifle > --- INVENTORY -------- Light Ion Engine Light Treads Light Treads Small Storage Unit Large Storage Unit Large Matter Pod Sensor Array Signal Interpreter EM Pulse Gun Medium Laser [Rating: 9] Favorites ----------- Power Ion Engine Engine Ion Engine Propulsion Light Treads Treads Light Treads Leg Aluminum Leg Utility Structural Scanner Device Structural Scanner Storage Small Storage Unit Weapon Light Assault Rifle Energy Gun EM Pulse Gun Energy Cannon Beam Cannon Ballistic Gun Light Assault Rifle Build | -11 -10 ------- Run | Jun Mat Slots Evolved . | . . Power . | . . Propulsion . | . . Utility . | . . Weapon . | . . Parts Attached 21 | . 21 Power 2 | . 2 Engine 2 | . 2 Core . | . . Reactor . | . . Propulsion 10 | . 10 Treads 10 | . 10 Leg . | . . Wheel . | . . Hover . | . . Flight . | . . Utility 3 | . 3 Device 2 | . 2 Storage 1 | . 1 Processor . | . . Hackware . | . . Protection . | . . Artifact . | . . Weapon 6 | . 6 Energy Gun 4 | . 4 Energy Cannon 1 | . 1 Ballistic Gun 1 | . 1 Ballistic Cannon . | . . Launcher . | . . Special Weapon . | . . Impact Weapon . | . . Slashing Weapon . | . . Piercing Weapon . | . . Special Melee Weapon . | . . Unidentified Prototypes . | . . Parts Lost 7 | . 7 Power 1 | . 1 Propulsion 2 | . 2 Utility 1 | . 1 Weapon 3 | . 3 Highest Loss Streak 6 | . 6 To Critical Strikes 1 | . 1 Average Slot Usage (%) 93 | . 93 Engine 13 | . 13 Treads 20 | . 20 Leg 6 | . 6 Device 12 | . 12 Storage 14 | . 14 Energy Gun 13 | . 13 Ballistic Gun 11 | . 11 Naked Turns . | . . Heaviest Build 30 | 13 30 Greatest Support 40 | 20 40 Greatest Overweight (x) . | . . Average Overweight (x) . | . . Largest Inventory Capacity 15 | . 15 Average Capacity 11 | . 11 Most Carried 15 | . 15 Average Carried 7 | . 7 Final Capacity 15 | 8 15 Final Carried 15 | 6 15 Class Distribution -------------------- 100% | Mutant Dominant Class ---------------- Mutant | -10/Materials Resources | -11 -10 ----------- Run | Jun Mat Matter Collected 561 | 191 370 Remotely . | . . Salvage Created 508 | . 508 Parts 32 | . 32 Haulers Intercepted 2 | . 2 Recyclers Shooed 2 | . 2 Parts Field Recycled . | . . Retrieved Matter . | . . Parts Self-Destructed . | . . Prevented . | . . Kills | -11 -10 ------- Run | Jun Mat Combat Hostiles Destroyed 11 | . 11 Guns 9 | . 9 Cannons 2 | . 2 Classes Destroyed 5 | . 5 Hauler 2 | . 2 Recycler 1 | . 1 Watcher 1 | . 1 Swarmer 6 | . 6 Grunt 5 | . 5 Best Kill Streak 9 | . 9 Combat Bots Only 9 | . 9 Max Kills in Single Turn 1 | . 1 Gunslinging . | . . Exploded . | . . Melee . | . . Uniques/NPCs Destroyed . | . . Combat | -11 -10 -------- Run | Jun Mat Damage Taken 1055 | . 1055 Core 258 | . 258 Absorbed by Shields . | . . Core Remaining (%) 100 | 100 . Volleys Fired 75 | . 75 Largest 2 | . 2 Hottest 105 | . 105 Shots Fired 102 | . 102 Gun 94 | . 94 Cannon 8 | . 8 Launcher . | . . Special . | . . Kinetic 46 | . 46 Thermal 43 | . 43 Explosive . | . . Electromagnetic 13 | . 13 Robot Hit Streak 8 | . 8 Robot Miss Streak 7 | . 7 Penetration Max . | . . Secondary Targets 2 | . 2 Max Gunslinging Chain 1 | . 1 Shots Hit Robots 64 | . 64 Core Hits 24 | . 24 Critical Kills . | . . Critical Parts Destroyed . | . . Critical Strikes . | . . Melee Attacks . | . . Impact . | . . Slashing . | . . Piercing . | . . Sneak Attacks . | . . Combat Hostiles . | . . Follow-up Attacks . | . . Damage Inflicted 742 | . 742 Guns 612 | . 612 Cannons 130 | . 130 Explosions . | . . Melee . | . . Ramming . | . . Kinetic 217 | . 217 Thermal 444 | . 444 Explosive . | . . Electromagnetic 81 | . 81 Impact . | . . Slashing . | . . Piercing . | . . Highest Corruption . | . . Average Corruption . | . . Corruption Purged . | . . Corruption Blocked . | . . Overload Shots . | . . Overflow Damage . | . . Projectiles . | . . Explosions . | . . Melee . | . . Knockbacks . | . . Impact . | . . Kinetic . | . . Secondary . | . . Self-Inflicted Damage . | . . Shots . | . . Rammed . | . . Targets Rammed . | . . Kicked . | . . Crushed . | . . Highest Temperature 211 | . 211 Average Temperature 53 | . 53 Received Heat Transfer 378 | . 378 Siege Activations . | . . Robots Corrupted . | . . Combat Hostiles . | . . Parts Fried . | . . Impact Corruptions . | . . Robots Melted . | . . Combat Hostiles . | . . Parts Melted . | . . Heat Transferred 990 | . 990 Parts Sabotaged . | . . Parts Stolen . | . . Parts Stripped . | . . Power Chain Reactions . | . . Missiles Intercepted . | . . Alert | -11 -10 ------- Run | Jun Mat Peak Influence 177 | . 177 Initial . | . . Average 49 | . 49 Maximum Alert Level . | . . Low Security (%) 100 | . 100 Level 1 . | . . Level 2 . | . . Level 3 . | . . Level 4 . | . . Level 5 . | . . High Security . | . . Max Security . | . . Squads Dispatched 2 | . 2 Investigation 1 | . 1 Extermination . | . . Reinforcement 1 | . 1 Assault . | . . Garrison . | . . Intercept . | . . Searches Triggered . | . . Construction Impeded . | . . Haulers Reinforced . | . . Active Scanning Responses . | . . Cargo Convoy Interrupts . | . . Stealth | -11 -10 --------- Run | Jun Mat Distress Signals 3 | . 3 Communications Jammed . | . . Distress Signals . | . . Times Spotted 26 | . 26 Peak Tracking Total 9 | . 9 Tactical Retreats . | . . Traps | -11 -10 ------- Run | Jun Mat Traps Triggered 1 | . 1 Indirectly . | . . Trap Hack Attempts . | . . Triggered . | . . Disarmed . | . . Reprogrammed . | . . Reused . | . . Traps Extracted . | . . Installed . | . . Triggered . | . . Machines | -11 -10 ---------- Run | Jun Mat Machines Disabled 1 | . 1 Max in Single Turn 1 | . 1 Machines Repaired . | . . Machines Sabotaged . | . . Overloaded Fab Kills . | . . Hacking | -11 -10 --------- Run | Jun Mat Machines Accessed 5 | . 5 Terminals 4 | . 4 Fabricators . | . . Repair Stations 1 | . 1 Recycling Units . | . . Scanalyzers . | . . Garrison Access . | . . Total Hacks 13 | . 13 Successful 6 | . 6 Failed 6 | . 6 Catastrophic . | . . Database Lockouts 1 | . 1 Manual 7 | . 7 Terminals 11 | . 11 Fabricators . | . . Repair Stations 2 | . 2 Recycling Units . | . . Scanalyzers . | . . Garrison Access . | . . Terminal Hacks 5 | . 5 Robot Analysis 1 | . 1 Alert Level 1 | . 1 Locate Traps 1 | . 1 Zone Layout 2 | . 2 Fabricator Hacks . | . . Repair Station Hacks 1 | . 1 Scan Component 1 | . 1 Recycling Unit Hacks . | . . Scanalyzer . | . . Garrison Access Hacks . | . . Unauthorized Hacks . | . . Terminals . | . . Fabricators . | . . Repair Stations . | . . Recycling Units . | . . Scanalyzers . | . . Garrison Access . | . . Data Cores Recovered . | . . Used . | . . Hacking Detections 4 | . 4 Full Trace Events . | . . Feedback Events . | . . Feedback Blocked . | . . Robot Schematics Acquired . | . . Robots Built . | . . Authchips . | . . Time . | . . Total Robot Build Rating . | . . Part Schematics Acquired . | . . Parts Built . | . . Authchips . | . . Time . | . . Total Part Build Rating . | . . Parts Repaired . | . . Time . | . . Parts Recycled . | . . Recycled Matter . | . . Retrieved Matter . | . . Retrieved Components . | . . Parts Scanalyzed . | . . Part Schematics Acquired . | . . Parts Damaged . | . . Bothacking | -11 -10 ------------ Run | Jun Mat Used RIF Installer . | . . Robots Hacked . | . . Non-combat . | . . Combat . | . . Robot Hacks Applied . | . . Relay Couplers Released . | . . Fabnet Peak Effective % . | . . Robots Rewired . | . . Allies Hacked . | . . Hacks Repelled . | . . Allies | -11 -10 -------- Run | Jun Mat Total Allies . | . . Largest Group . | . . Highest-Rated Group . | . . Highest-Rated Ally . | . . Total Orders . | . . Ally Attacks . | . . Total Damage . | . . Kills . | . . Allies Corrupted . | . . Allies Melted . | . . Intel | -11 -10 ------- Run | Jun Mat Robot Analysis Total 1 | . 1 Derelict Logs Recovered . | . . Drone Launches . | . . Drone Recoveries . | . . Exploration | -11 -10 ------------- Run | Jun Mat Turns Passed 737 | . 737 Spaces Moved 354 | 1 353 Core . | . . Treads 236 | . 236 Legs 118 | 1 117 Wheels . | . . Hover . | . . Flight . | . . Fastest Speed 120 | 120 120 Average Speed 146 | 120 146 Slowest Speed 160 | 120 160 Overloaded Moves . | . . Propulsion Burnouts . | . . Robots Hopped . | . . Cave-ins Triggered . | . . Exploration Rate (%) 33 | 2 64 Regions Visited 1 Branch Regions . Pre-discovered Areas . | . . Known Exits Taken . | . . Unknown Exits Taken 1 | 1 . Scrap Searched . | . . Spaces Dug . | . . Terrain Destroyed . | . . Melee . | . . Projectile . | . . AOE . | . . Terrain Rammed . | . . Walls Destroyed . | . . Machines Disabled . | . . Actions | -11 -10 --------- Run | Jun Mat Total 476 | . 476 Wait 8 | . 8 Move 353 | . 353 Hop . | . . Pick Up 13 | . 13 Fast Attach 6 | . 6 Attach 5 | . 5 Detach . | . . Swap 10 | . 10 Drop 6 | . 6 Fire 75 | . 75 Melee . | . . Ram . | . . Kick . | . . Crush . | . . Escape Stasis . | . . Rewire . | . . Trap . | . . Miscellaneous . | . . Route ------- -11/Junkyard -10/Materials (discovered 4 exits: [*Mat x2] / [*Min] / [Sub]) History --------- Turn | Location | Event 1 | -11/Junkyard | Discovered new exit (range 0) 1 | -11/Junkyard | Entered Materials 7 | -10/Materials | Central database locked down 145 | -10/Materials | Discovered new exit (range 10) 153 | -10/Materials | Discovered new exit (range 13) 221 | -10/Materials | Core integrity fell below 50% 246 | -10/Materials | Core integrity fell below 20% 254 | -10/Materials | Lost 6 parts (1p2n1u2w) 294 | -10/Materials | Destroyed 9 combat bots 374 | -10/Materials | Build established: Mutant 579 | -10/Materials | Discovered new exit (range 16) 713 | -10/Materials | Discovered new exit (range 15) 738 | -10/Materials | Destroyed by G-34 Mercenary with Small Laser Last Messages --------------- 00619_ R-06 Scavenger collects Structural Scanner. 00626_ R-06 Scavenger collects Wheel. 00640_ Connecting with Repair Station... >>Scan(Lgt. Treads) Scanning Lgt. Treads... Ready to Repair: Lgt. Treads Rating: 1 Time: 26 00647_ Connecting with Repair Station... 00679_ R-06 Scavenger collects Wheel. 00691_ Triggered Alarm Trap. 00691_ An alarm sounds. 00691_ ALERT: Alarm triggered, dispatching investigation squad. 00703_ Acquired Beam Cannon. 00713_ EXIT=FOUND 00724_ G-34 Mercenary destroyed. 00725_ U-05 Engineer lays Concrete. 00732_ G-34 Mercenary destroyed. 00735_ K-01 Serf collects debris. Map ----- +----------------------------------------------------+ | | | | | | | | | | | | | | | ????????????????????????????????????????? | | ????????????????????????????????????????? | | ????????????????????????????????????????? | | ????????????????????????#####???????????? | | ????????????????????????######??????????? | | ????????????????????????#"""####????????? | | ????????????????????????"!!!"###????????? | | ????????????????????????" ""##????????? | | ???????????????????????? ##????????? | | ???????????????????????? < ##????????? | | ???????????????????????? ??????????? | | ???????????????????????? ???????????? | | ???????????????????????# #??????????? | | ???????????????????????## ##??????????? | | ??????????????????????? # # ??????????? | | ??????????????????????? + + ??????????? | | ??????????????????????? # # ??????????? | | ??????????????????????? # # ??????????? | | ??????????????????????? #@ # ??????????? | | ???????????????### ?? # # ??????????? | | ???????????????######??## ############# | | ???????????????##"""#??## ############# | | ????????????? ###"Y"#####*k # ! # | | ????????????? ###" "#####%! # ! """ # | | ????????????? # = # """ # | | ?????????????## g + """ # | | ?????????????## ! # # | | ?????????????## =%* # # | | ?????????????## " ################# | | ????????????### "" # ######## | | ##########??### "" # """ ##?????? | | ???#"" """ # "R" ##?????? | | ??????"T "" #! " " ##?????? | | """""??????#"" """ # ##?????? | | """""??????### """ # """"" ##?????? | | """"""?????### """ # """"" ##?????? | | """"""?????##T " # """"" ##?????? | | """"""?????### # ####???? | | #######?????### #####+#######???? | | ????????????## ! ##???? | | ????????????## < ##???? | | ????????????## % ##???? | | ????????????#####+####################### | +----------------------------------------------------+ Best States ------------- Heat Dissipation 25 Energy Generation 10 Energy Capacity 250 Matter Stores 300 Matter Capacity 300 Sight Range 16 Robot Scan Range 14 Terrain Scan Density 10 Evasion (%) 55 Recoil Reduction 2 Item Schematics ----------------- None Robot Schematics ------------------ None Fabricated ------------ Nothing Alien Tech Used ----------------- None Achievements -------------- None Challenges ------------ None Game ------ Seed MediumImprovedDesublimator Manual? 0 Play Time 00:11:01 Cumulative 64.6 hours Start 2023.08.20 @ 22:55:03 End 2023.08.20 @ 23:03:07 Sessions 1 Manual Loads 0 Difficulty Rogue Special Mode None Game No. 46 Rogue 46 Adventurer 0 Explorer 0 Win Type - Total 1 Types 1/0/0/0/0/0/0/0/0 Lore% 38 Gallery% 32 Achievement% 36 Wizard Run 0 Options --------- ASCII 0 Keyboard 0 Movement Mouse Keybinds 0 Fullscreen 1 Font 16/SmallcapsGlow Map View 84x54 Tactical HUD 1 Map Filters NONE Filters NONE Steam 1 RUN: 086d6024-73e7-4e9f-9129-694fd1b502be